[Event "Norwegian Team Championship 2019"]
[Site "Drammen"]
[Date "2019.06.01"]
[Round "3.8"]
[White "Gandrud, Vegar Koi"]
[Black "Tenold, Andreas"]
[Result "1-0"]
[ECO "E16"]
[WhiteElo "2325"]
[BlackElo "1969"]
[Annotator "ChessBase"]
[PlyCount "89"]
[EventDate "2019.05.30"]
[EventType "swiss"]
[EventCountry "NOR"]
[SourceTitle "playchess.com"]
[Source "ChessBase"]
[SourceQuality "1"]
[TimeControl "40/5400:1800"]

1. d4 Nf6 2. c4 e6 3. Nf3 b6 4. g3 Bb7 5. Bg2 Bb4+ 6. Nbd2 O-O 7. O-O a5 8. Qc2 Bxd2 9. Bxd2 Be4 10. Qb3 d6 11. Rfd1 Nbd7 12. Bc3 Qb8 13. Bf1 Qa7 14. Nd2 a4 15. Qa3 Bb7 16. b4 axb3 17. Qxa7 Rxa7 18. axb3 Rfa8 19. Rxa7 Rxa7 20. Ra1 Rxa1 21. Bxa1 Kf8 22. f3 Ke7 23. e4 Ne8 24. Kf2 c5 25. Ke3 e5 26. dxe5 dxe5 27. f4 f6 28. Bh3 Nd6 29. Kd3 Nf7 30. Ke3 Kd6 31. Nf3 Nb8 32. Bc3 Nc6 33. Kd3 Ba6 34. Bd2 Nfd8 35. fxe5+ fxe5 36. Be3 h6 37. Nh4 Ne6 38. Nf5+ Kc7 39. Nxh6 Ned4 40. Nf5 Nxb3 41. Nxg7 Nba5 42. Ne8+ Kd8 43. Nd6 Kc7 44. Nb5+ Kd8 45. Bg5+ 1-0

[Event "Norwegian Team Championship 2019"]
[Site "Drammen"]
[Date "2019.06.01"]
[Round "3.9"]
[White "Haldorsen, Benjamin"]
[Black "Hjelmas, Lars"]
[Result "1-0"]
[ECO "A10"]
[WhiteElo "2437"]
[BlackElo "2251"]
[Annotator "ChessBase"]
[PlyCount "59"]
[EventDate "2019.05.30"]
[EventType "swiss"]
[EventCountry "NOR"]
[SourceTitle "playchess.com"]
[Source "ChessBase"]
[SourceQuality "1"]
[TimeControl "40/5400:1800"]

1. c4 f5 2. g3 g6 3. Bg2 Bg7 4. Nc3 Nf6 5. d3 d6 6. e4 c6 7. Nge2 O-O 8. O-O Na6 9. h3 fxe4 10. dxe4 Be6 11. b3 Nc5 12. Nd4 Bf7 13. Be3 e5 14. Nde2 Ne6 15. f4 exf4 16. gxf4 Qe7 17. Qd2 Nc5 18. Ng3 Rad8 19. Rad1 Rfe8 20. Qc2 d5 21. cxd5 Nfxe4 22. Ncxe4 Nxe4 23. Nxe4 cxd5 24. Bc5 Qc7 25. Ng5 b6 26. Nxf7 Kxf7 27. Bxd5+ Rxd5 28. Rxd5 bxc5 29. Qc4 Kf8 30. Rxc5 1-0

[Event "Norwegian Team Championship 2019"]
[Site "Drammen"]
[Date "2019.06.01"]
[Round "3.10"]
[White "Breivik, Lars"]
[Black "Nilsen, Joachim Birger"]
[Result "1/2-1/2"]
[ECO "A10"]
[WhiteElo "2165"]
[BlackElo "2401"]
[Annotator "ChessBase"]
[PlyCount "51"]
[EventDate "2019.05.30"]
[EventType "swiss"]
[EventCountry "NOR"]
[SourceTitle "playchess.com"]
[Source "ChessBase"]
[SourceQuality "1"]
[TimeControl "40/5400:1800"]

1. c4 b6 2. g3 Bb7 3. Nf3 Bxf3 4. exf3 c5 5. d4 Nc6 6. d5 Nd4 7. Be3 Nf5 8. Nc3 g6 9. Bh3 Nd6 10. Qe2 Bg7 11. Ne4 Nc8 12. O-O f5 13. Nc3 Nf6 14. Bf4 O-O 15. Rfe1 Nh5 16. Be5 Bf6 17. a4 Nd6 18. Bf1 a5 19. f4 Ng7 20. Bxd6 exd6 21. Nb5 Re8 22. Qd2 Rxe1 23. Rxe1 Qf8 24. Bd3 Re8 25. Re3 Re7 26. Bb1 1/2-1/2

[Event "Norwegian Team Championship 2019"]
[Site "Drammen"]
[Date "2019.06.01"]
[Round "3.11"]
[White "Stokke, Kjetil"]
[Black "Ludvigsen, Frode"]
[Result "1-0"]
[ECO "E06"]
[WhiteElo "2343"]
[BlackElo "2064"]
[Annotator "ChessBase"]
[PlyCount "125"]
[EventDate "2019.05.30"]
[EventType "swiss"]
[EventCountry "NOR"]
[SourceTitle "playchess.com"]
[Source "ChessBase"]
[SourceQuality "1"]
[TimeControl "40/5400:1800"]

1. c4 e6 2. Nf3 d5 3. d4 c5 4. g3 Nc6 5. Bg2 Nf6 6. O-O Be7 7. dxc5 Bxc5 8. a3 a5 9. Nc3 d4 10. Na4 Ba7 11. Bf4 Qe7 12. Ne5 Nxe5 13. Bxe5 O-O 14. Bxd4 Bxd4 15. Qxd4 e5 16. Qc5 Qxc5 17. Nxc5 Rb8 18. Rfd1 b5 19. Rac1 bxc4 20. Rd2 Bf5 21. e4 Rfc8 22. Na6 Rb6 23. Rxc4 g6 24. Rxc8+ Bxc8 25. Rd8+ Kg7 26. Rxc8 Rxa6 27. f3 Nd7 28. Bh3 Nf8 29. Rc5 Kf6 30. Bf1 Rb6 31. Rb5 Rxb5 32. Bxb5 Ne6 33. Kf2 Nd4 34. Bc4 Ke7 35. f4 f6 36. fxe5 fxe5 37. Kg2 h6 38. Kh3 Nc2 39. Kh4 Ne3 40. Bb5 Kf6 41. Be8 Nf1 42. b4 axb4 43. axb4 Nd2 44. Bc6 Nc4 45. Bd5 Nb6 46. Kg4 Nd7 47. Kf3 Ke7 48. Ke3 Nb6 49. Kd3 Kd6 50. Bf7 g5 51. Ke3 Nd7 52. Bg6 Nb6 53. Kf3 Ke6 54. Kg4 Kf6 55. Bf5 Nc4 56. Kh5 Kg7 57. b5 Nb6 58. h4 gxh4 59. Kxh4 Nc4 60. Kh5 Nb6 61. Be6 Na4 62. g4 Nc5 63. b6 1-0

[Event "Norwegian Team Championship 2019"]
[Site "Drammen"]
[Date "2019.06.01"]
[Round "3.12"]
[White "Edvardsen, Ragnar"]
[Black "Gullaksen, Eirik"]
[Result "0-1"]
[ECO "B32"]
[WhiteElo "1947"]
[BlackElo "2327"]
[Annotator "ChessBase"]
[PlyCount "79"]
[EventDate "2019.05.30"]
[EventType "swiss"]
[EventCountry "NOR"]
[SourceTitle "playchess.com"]
[Source "ChessBase"]
[SourceQuality "1"]
[TimeControl "40/5400:1800"]

1. e4 c5 2. Nf3 Nc6 3. d4 cxd4 4. Nxd4 e5 5. Nb5 d6 6. a4 Be7 7. Be3 Nf6 8. N1c3 a6 9. Na3 Ng4 10. Nd5 Nxe3 11. Nxe3 O-O 12. c3 Rb8 13. Be2 Be6 14. O-O g6 15. Nd5 Bg5 16. Nc2 f5 17. exf5 gxf5 18. f4 Bh6 19. Kh1 Kh8 20. fxe5 dxe5 21. c4 Qh4 22. Qe1 Qxe1 23. Raxe1 Rbc8 24. Nb6 Rcd8 25. Rd1 Na5 26. b4 Nb3 27. Rxd8 Rxd8 28. Rd1 Rd2 29. Rxd2 Bxd2 30. c5 a5 31. bxa5 Nxc5 32. Nc4 Bc3 33. Nd6 Bxa5 34. Ne3 f4 35. Nec4 Bc3 36. Kg1 e4 37. a5 Kg7 38. Kf1 Bd5 39. Bg4 Kf6 40. Ke2 {[%emt 0:00:00] Ke5} 0-1

[Event "Norwegian Team Championship 2019"]
[Site "Drammen"]
[Date "2019.06.01"]
[Round "3.13"]
[White "Kolas, Tore"]
[Black "Elseth, Roar"]
[Result "1-0"]
[ECO "D41"]
[WhiteElo "2120"]
[BlackElo "2288"]
[Annotator "ChessBase"]
[PlyCount "79"]
[EventDate "2019.05.30"]
[EventType "swiss"]
[EventCountry "NOR"]
[SourceTitle "playchess.com"]
[Source "ChessBase"]
[SourceQuality "1"]
[TimeControl "40/5400:1800"]

1. c4 e6 2. Nc3 d5 3. d4 Nf6 4. cxd5 Nxd5 5. e4 Nxc3 6. bxc3 c5 7. Nf3 cxd4 8. cxd4 Bb4+ 9. Bd2 Bxd2+ 10. Qxd2 O-O 11. Bc4 Nd7 12. O-O b6 13. Rfe1 Bb7 14. Rad1 Rc8 15. Bb3 Qf6 16. h3 Rfd8 17. Qe3 Qe7 18. Qf4 Nf6 19. Ne5 Rc3 20. Nc4 b5 21. Na5 Ba8 22. d5 e5 23. Qd2 Qc7 24. Rc1 Nxe4 25. Qb2 Rxc1 26. Qxc1 Nc3 27. Nc6 b4 28. Qg5 Bxc6 29. dxc6 e4 30. Qc5 a5 31. a3 Rb8 32. axb4 axb4 33. Ra1 Nb5 34. Bc4 Na3 35. Bd5 Re8 36. Re1 Qc8 37. Rxe4 Rxe4 38. Bxe4 Qc7 39. Bd5 g6 40. g3 1-0

[Event "Norwegian Team Championship 2019"]
[Site "Drammen"]
[Date "2019.06.01"]
[Round "3.14"]
[White "Ingebretsen, Jens E"]
[Black "Laverton, Christian"]
[Result "1-0"]
[ECO "A26"]
[WhiteElo "2243"]
[BlackElo "2115"]
[Annotator "ChessBase"]
[PlyCount "121"]
[EventDate "2019.05.30"]
[EventType "swiss"]
[EventCountry "NOR"]
[SourceTitle "playchess.com"]
[Source "ChessBase"]
[SourceQuality "1"]
[TimeControl "40/5400:1800"]

1. c4 e5 2. Nc3 Nc6 3. g3 g6 4. Bg2 Bg7 5. d3 Nge7 6. Nf3 O-O 7. O-O d6 8. Ne1 Be6 9. Nc2 Qd7 10. Nd5 Rae8 11. Rb1 Nd8 12. b4 Nc8 13. Bh1 c6 14. Nde3 f5 15. f4 Bf7 16. Bb2 Ne6 17. Ng2 Nd4 18. e3 Nxc2 19. Qxc2 Re7 20. Nh4 Nb6 21. a4 Qc7 22. a5 Nd7 23. e4 Be6 24. exf5 gxf5 25. Rf2 exf4 26. Rxf4 Ne5 27. Rbf1 Qd7 28. h3 Ng6 29. Nxg6 hxg6 30. Bxg7 Rxg7 31. a6 bxa6 32. Qa4 d5 33. c5 g5 34. R4f2 f4 35. g4 Qb7 36. Re1 Re7 37. Re5 Bc8 38. Rxg5+ Rg7 39. Rxg7+ Kxg7 40. Qa1+ Kg8 41. Qd4 Qh7 42. Bg2 Qh6 43. Rf3 Be6 44. Qe5 d4 45. g5 Qg6 46. Rxf4 Rxf4 47. Qxf4 Qxd3 48. Qb8+ Kf7 49. Qf4+ Kg8 50. Kh2 Qc4 51. Qb8+ Kf7 52. Qxa7+ Kg6 53. Qe7 Qe2 54. Qf6+ Kh7 55. Qxd4 Bd5 56. Qg4 Qe5+ 57. Qg3 Qb2 58. h4 Kg6 59. Qd6+ Kh5 60. Qg3 Qd2 61. g6 1-0

[Event "Norwegian Team Championship 2019"]
[Site "Drammen"]
[Date "2019.06.01"]
[Round "3.16"]
[White "Dolzhikova, Olga"]
[Black "Juriloo, Karl"]
[Result "1/2-1/2"]
[ECO "B22"]
[WhiteElo "2210"]
[BlackElo "1978"]
[Annotator "ChessBase"]
[PlyCount "120"]
[EventDate "2019.05.30"]
[EventType "swiss"]
[EventCountry "NOR"]
[SourceTitle "playchess.com"]
[Source "ChessBase"]
[SourceQuality "1"]
[TimeControl "40/5400:1800"]

1. e4 c5 2. c3 d5 3. exd5 Qxd5 4. d4 Nf6 5. Nf3 e6 6. Bd3 Be7 7. O-O O-O 8. Be3 b6 9. Qe2 Bb7 10. dxc5 Ng4 11. Nbd2 Nxe3 12. Be4 Qh5 13. Bxb7 Nxf1 14. Nxf1 Nd7 15. Bxa8 Rxa8 16. cxb6 axb6 17. Ng3 Qg4 18. h3 Qf4 19. Qe4 Qxe4 20. Nxe4 f5 21. Ned2 Bf6 22. Nb3 e5 23. Kf1 Kf7 24. Ke2 Ra4 25. a3 g5 26. Rd1 Ke6 27. Ne1 h5 28. Nc2 Nc5 29. Nxc5+ bxc5 30. Ne3 e4 31. Nd5 Be5 32. Nb6 Ra7 33. Nc4 Rb7 34. Rd8 f4 35. Re8+ Kd5 36. Rxe5+ Kxc4 37. b4 cxb4 38. cxb4 Kd4 39. Rxg5 Ra7 40. Ra5 Rc7 41. Rc5 Ra7 42. f3 Rxa3 43. fxe4 Rb3 44. Rxh5 Kxe4 45. b5 Rb2+ 46. Kf1 Rb1+ 47. Kf2 Rb2+ 48. Kg1 f3 49. gxf3+ Kxf3 50. Rf5+ Kg3 51. Rg5+ Kxh3 52. Kf1 Kh4 53. Rc5 Kg4 54. Ke1 Kf4 55. Kd1 Ke4 56. Rh5 Kd3 57. Kc1 Rb4 58. Rg5 Kc4 59. Rg4+ Kxb5 60. Rxb4+ Kxb4 1/2-1/2

[Event "Norwegian Team Championship 2019"]
[Site "Drammen"]
[Date "2019.06.01"]
[Round "3.17"]
[White "Kaasen, Tor Fredrik"]
[Black "Abdrlauf, Elham"]
[Result "1/2-1/2"]
[ECO "D15"]
[WhiteElo "2398"]
[BlackElo "2231"]
[Annotator "ChessBase"]
[PlyCount "58"]
[EventDate "2019.05.30"]
[EventType "swiss"]
[EventCountry "NOR"]
[SourceTitle "playchess.com"]
[Source "ChessBase"]
[SourceQuality "1"]
[TimeControl "40/5400:1800"]

1. Nf3 d5 2. d4 Nf6 3. c4 c6 4. Nc3 a6 5. e3 Bf5 6. Be2 b5 7. b3 Nbd7 8. O-O e6 9. Bb2 Rb8 10. c5 Bg4 11. Re1 Be7 12. Nd2 Bf5 13. Bf1 O-O 14. h3 Qc7 15. g4 Bg6 16. f4 b4 17. Ne2 Ne4 18. Nxe4 Bxe4 19. Ng3 Bh4 20. Kh2 a5 21. Bg2 Bxg2 22. Kxg2 Bxg3 23. Kxg3 Nf6 24. Qe2 Ne4+ 25. Kg2 Ra8 26. a4 bxa3 27. Rxa3 Rab8 28. Rea1 Rb5 29. Qc2 Rfb8 1/2-1/2

[Event "Norwegian Team Championship 2019"]
[Site "Drammen"]
[Date "2019.06.01"]
[Round "3.18"]
[White "Melaa, Sondre"]
[Black "Fossum, Oystein Boyum"]
[Result "0-1"]
[ECO "A45"]
[WhiteElo "2038"]
[BlackElo "2258"]
[Annotator "ChessBase"]
[PlyCount "199"]
[EventDate "2019.05.30"]
[EventType "swiss"]
[EventCountry "NOR"]
[SourceTitle "playchess.com"]
[Source "ChessBase"]
[SourceQuality "1"]
[TimeControl "40/5400:1800"]

1. d4 Nf6 2. Bg5 e6 3. e4 c5 4. e5 h6 5. Bc1 Nd5 6. c4 Nb6 7. Be3 cxd4 8. Bxd4 Qc7 9. a3 Nc6 10. Nf3 Nxd4 11. Qxd4 d6 12. Nc3 Bd7 13. exd6 Qxd6 14. Qxd6 Bxd6 15. b4 Na4 16. Ne4 Bf4 17. Bd3 Rc8 18. c5 b6 19. g3 Bb8 20. Ba6 Rd8 21. Rc1 Bc6 22. Ned2 bxc5 23. O-O Bd6 24. Kg2 O-O 25. Nc4 cxb4 26. Rfd1 Be7 27. axb4 Bxb4 28. Nce5 Bd5 29. Rd4 Bxf3+ 30. Nxf3 Rxd4 31. Nxd4 Nc5 32. Bb5 a6 33. Rc4 Ba3 34. Bc6 Rc8 35. Bf3 a5 36. Nc2 Bc1 37. Nd4 Ba3 38. Nc6 Rc7 39. Nxa5 Kf8 40. Rc2 Ke7 41. Nc4 Bb4 42. Nb6 Kd6 43. Rc4 Ba5 44. Na4 Nd7 45. Rxc7 Kxc7 46. Nb2 Bc3 47. Nc4 Bd4 48. Kf1 Nc5 49. Ke2 Kd7 50. Nd2 f5 51. Bg2 Ke7 52. f4 Kf6 53. Nf3 Bc3 54. Ke3 g5 55. h3 Ba5 56. Ne5 Be1 57. Kf3 Ne4 58. g4 gxf4 59. Nd3 Bd2 60. Nxf4 Ng5+ 61. Kg3 Be1+ 62. Kh2 Bh4 63. gxf5 Kxf5 64. Ne2 e5 65. Bc6 e4 66. Ng3+ Bxg3+ 67. Kxg3 Nf3 68. Bb7 Nd2 69. Ba6 Nb3 70. Kh4 Nc5 71. Be2 Nd3 72. Bd1 Nf4 73. Kg3 Kg5 74. Bc2 Kf5 75. Bd1 Ke5 76. Kg4 h5+ 77. Kg5 Nxh3+ 78. Kxh5 Nf2 79. Be2 Kf4 80. Kh4 Ke3 81. Bh5 Nd3 82. Kg3 Nf4 83. Bg4 Ne2+ 84. Kg2 Kd2 85. Kf2 Nf4 86. Bd7 Nd3+ 87. Kf1 Nf4 88. Kf2 e3+ 89. Kf3 e2 90. Kxf4 e1=Q 91. Bf5 Qe3+ 92. Kg4 Kc3 93. Kh5 Kd4 94. Kg6 Qf4 95. Kf6 Qe5+ 96. Kg6 Kc5 97. Kg5 Kd6 98. Kg4 Qf6 99. Kf4 Kd5 100. Kf3 0-1

[Event "Norwegian Team Championship 2019"]
[Site "Drammen"]
[Date "2019.06.01"]
[Round "3.19"]
[White "Kvisvik, Brede Alex."]
[Black "Tunsjo, Axel"]
[Result "1-0"]
[ECO "E01"]
[WhiteElo "2244"]
[BlackElo "2002"]
[Annotator "ChessBase"]
[PlyCount "67"]
[EventDate "2019.05.30"]
[EventType "swiss"]
[EventCountry "NOR"]
[SourceTitle "playchess.com"]
[Source "ChessBase"]
[SourceQuality "1"]
[TimeControl "40/5400:1800"]

1. d4 Nf6 2. c4 e6 3. g3 d5 4. Bg2 c6 5. Nf3 Bd6 6. O-O O-O 7. Nfd2 Nbd7 8. Nc3 Re8 9. e4 dxe4 10. Ndxe4 Nxe4 11. Nxe4 Be7 12. Qc2 Nf6 13. Rd1 h6 14. Bf4 Nxe4 15. Bxe4 Bd7 16. d5 cxd5 17. cxd5 Qb6 18. Bc7 Qb5 19. Rd4 a5 20. Rc1 Qa6 21. d6 Bg5 22. Rcd1 Bf6 23. Rc4 Rac8 24. Rc5 b6 25. Bc6 Red8 26. Bxd7 Rxd7 27. Bxb6 Rb8 28. Bxa5 g6 29. b4 Bd8 30. Rc6 Qa8 31. Bxd8 Rbxd8 32. a4 Qb8 33. b5 Rxd6 34. Rdxd6 1-0

[Event "Norwegian Team Championship 2019"]
[Site "Drammen"]
[Date "2019.06.01"]
[Round "3.20"]
[White "Sidali, Elias Hulleberg"]
[Black "Stenersen, Gudmund"]
[Result "1/2-1/2"]
[ECO "C46"]
[WhiteElo "1953"]
[BlackElo "2183"]
[Annotator "ChessBase"]
[PlyCount "83"]
[EventDate "2019.05.30"]
[EventType "swiss"]
[EventCountry "NOR"]
[SourceTitle "playchess.com"]
[Source "ChessBase"]
[SourceQuality "1"]
[TimeControl "40/5400:1800"]

1. e4 e5 2. Nf3 Nc6 3. Nc3 Bb4 4. Nd5 Bc5 5. c3 d6 6. b4 Bb6 7. a4 a5 8. b5 Nb8 9. Nxb6 cxb6 10. d4 Qc7 11. c4 Nf6 12. Ba3 Nxe4 13. dxe5 dxe5 14. Qd5 Nc5 15. Bxc5 bxc5 16. Qxe5+ Qxe5+ 17. Nxe5 Be6 18. O-O-O Ke7 19. Kb2 Rc8 20. Be2 f6 21. Ng4 Nd7 22. Bf3 Nb6 23. Rhe1 Kf7 24. Ne3 Rd8 25. Kb3 Rd4 26. Rxd4 cxd4 27. Nd5 Bxd5 28. Bxd5+ Nxd5 29. cxd5 Rc8 30. Re4 d3 31. d6 d2 32. Rd4 Ke6 33. Rxd2 Kd7 34. Rd4 Rc5 35. g3 h5 36. f4 f5 37. Rd1 g6 38. Rd4 b6 39. h4 Rc1 40. Rc4 Rxc4 41. Kxc4 Kxd6 42. Kd4 1/2-1/2

[Event "Norwegian Team Championship 2019"]
[Site "Drammen"]
[Date "2019.06.01"]
[Round "4.3"]
[White "Altarbosh, Ward"]
[Black "Getz, Nicolai"]
[Result "0-1"]
[ECO "C41"]
[WhiteElo "2250"]
[BlackElo "2380"]
[Annotator "ChessBase"]
[PlyCount "122"]
[EventDate "2019.05.30"]
[EventType "swiss"]
[EventCountry "NOR"]
[SourceTitle "playchess.com"]
[Source "ChessBase"]
[SourceQuality "1"]
[TimeControl "40/5400:1800"]

1. e4 d6 2. d4 Nf6 3. Nc3 e5 4. Bg5 Be7 5. Nf3 Nbd7 6. Qd2 c6 7. h4 h6 8. dxe5 dxe5 9. Bxf6 Bxf6 10. g4 Nc5 11. Qe3 Qb6 12. Rg1 Ne6 13. Qxb6 axb6 14. O-O-O g6 15. Bc4 b5 16. Bb3 Nc5 17. g5 hxg5 18. hxg5 Bg7 19. Kb1 b4 20. Ne2 Nxe4 21. Rde1 Nxf2 22. Nf4 Ng4 23. Nd3 Ra5 24. Nd2 Bf5 25. Nc4 Rd5 26. Nxb4 Rd4 27. a3 Rh2 28. Ka2 Kd8 29. c3 Rd7 30. Rd1 Nf2 31. Rxd7+ Kxd7 32. Ne3 Be6 33. Nf1 Rh5 34. Rg2 Ne4 35. Bxe6+ Kxe6 36. Nd3 Kd6 37. Nd2 Nxd2 38. Rxd2 Rxg5 39. b4 b6 40. a4 Kc7 41. a5 bxa5 42. Nc5 Rf5 43. Kb3 axb4 44. cxb4 Bf8 45. Rd7+ Kc8 46. Ra7 Bxc5 47. bxc5 Rf4 48. Re7 f6 49. Rg7 g5 50. Kc3 g4 51. Kb3 Kd8 52. Kc3 f5 53. Kb3 Ke8 54. Kc3 Kf8 55. Rg6 Ke7 56. Kd3 Rd4+ 57. Ke2 Kd7 58. Rf6 f4 59. Rg6 g3 60. Kf3 Rd5 61. Rg7+ Kc8 0-1

[Event "Norwegian Team Championship 2019"]
[Site "Drammen"]
[Date "2019.06.01"]
[Round "4.4"]
[White "Galinsky, Timofey"]
[Black "Kristiansen, Erling"]
[Result "1-0"]
[ECO "A05"]
[WhiteElo "2382"]
[BlackElo "2159"]
[Annotator "ChessBase"]
[PlyCount "57"]
[EventDate "2019.05.30"]
[EventType "swiss"]
[EventCountry "NOR"]
[SourceTitle "playchess.com"]
[Source "ChessBase"]
[SourceQuality "1"]
[TimeControl "40/5400:1800"]

1. Nf3 Nf6 2. d3 c5 3. e4 d6 4. g3 Nc6 5. Bg2 g6 6. O-O Bg7 7. Re1 O-O 8. c3 Bd7 9. h3 Rc8 10. Be3 b5 11. Nbd2 b4 12. a3 bxc3 13. bxc3 Qa5 14. Nc4 Qa6 15. Bf1 Na5 16. Ncd2 Rfd8 17. Rb1 Rb8 18. d4 Rxb1 19. Qxb1 Qc8 20. Qd3 c4 21. Qc2 d5 22. Bg5 Nxe4 23. Nxe4 dxe4 24. Qxe4 Re8 25. Qd5 Bc6 26. Qxa5 Bxf3 27. Rxe7 Rf8 28. Rxa7 Qb8 29. Qc7 1-0

[Event "Norwegian Team Championship 2019"]
[Site "Drammen"]
[Date "2019.06.01"]
[Round "4.5"]
[White "Urkedal, Frode Olav Olsen"]
[Black "Kaasen, Tor Fredrik"]
[Result "1-0"]
[ECO "D85"]
[WhiteElo "2525"]
[BlackElo "2398"]
[Annotator "ChessBase"]
[PlyCount "155"]
[EventDate "2019.05.30"]
[EventType "swiss"]
[EventCountry "NOR"]
[SourceTitle "playchess.com"]
[Source "ChessBase"]
[SourceQuality "1"]
[TimeControl "40/5400:1800"]

1. d4 Nf6 2. c4 g6 3. Nc3 d5 4. cxd5 Nxd5 5. e4 Nxc3 6. bxc3 Bg7 7. Nf3 c5 8. Rb1 O-O 9. Be2 b6 10. O-O Bb7 11. Qd3 Ba6 12. Qe3 Qd7 13. dxc5 Bxe2 14. Qxe2 bxc5 15. Qc4 Qc6 16. a4 Nd7 17. a5 Qc7 18. Ra1 Rab8 19. Be3 Rfd8 20. g3 Qc6 21. Rfd1 a6 22. Bf4 Rbc8 23. Rab1 h6 24. h4 Qf6 25. Rd3 Nf8 26. Rb6 Rxd3 27. Rxf6 Rd1+ 28. Kg2 Bxf6 29. Qxa6 Rdd8 30. Qb7 Ne6 31. Be5 g5 32. hxg5 hxg5 33. Bxf6 exf6 34. Qe7 Rc6 35. e5 g4 36. Nh4 fxe5 37. Nf5 Rf8 38. Qh4 Ra6 39. Qxg4+ Kh7 40. Qh5+ Kg8 41. Qg4+ Kh7 42. Qh5+ Kg8 43. Ne7+ Kg7 44. Qxe5+ Kh7 45. Qh5+ Kg7 46. Qg4+ Kh7 47. Qh4+ Kg7 48. Nf5+ Kg8 49. Qg4+ Kh7 50. Qh5+ Kg8 51. Nh6+ Kg7 52. Ng4 Rh8 53. Qe5+ Kg8 54. Nf6+ Kg7 55. Ne4+ Kg8 56. f4 Rh6 57. f5 Nf8 58. Qxc5 Rhc6 59. Qd5 Rc7 60. f6 Ne6 61. Ng5 Rc5 62. Qb7 Nxg5 63. Qxa6 Rxc3 64. Qb5 Rc2+ 65. Kf1 Ne6 66. Qe8+ Nf8 67. Qe3 Rc6 68. Qg5+ Ng6 69. Kg2 Rc2+ 70. Kh3 Rc6 71. Qb5 Rc3 72. Qe8+ Kh7 73. Qxf7+ Kh6 74. Qg7+ Kg5 75. f7 Rc8 76. a6 Kf5 77. a7 Nf8 78. Qg4+ 1-0

[Event "Norwegian Team Championship 2019"]
[Site "Drammen"]
[Date "2019.06.01"]
[Round "4.6"]
[White "Fossum, Oystein Boyum"]
[Black "Risting, Eivind Olav"]
[Result "1/2-1/2"]
[ECO "A09"]
[WhiteElo "2258"]
[BlackElo "2357"]
[Annotator "ChessBase"]
[PlyCount "50"]
[EventDate "2019.05.30"]
[EventType "swiss"]
[EventCountry "NOR"]
[SourceTitle "playchess.com"]
[Source "ChessBase"]
[SourceQuality "1"]
[TimeControl "40/5400:1800"]

1. Nf3 d5 2. c4 d4 3. e3 Nc6 4. d3 g6 5. Be2 Bg7 6. O-O Nh6 7. Na3 dxe3 8. fxe3 e5 9. Nc2 Nf5 10. Rb1 a5 11. b3 O-O 12. a3 Qe7 13. e4 Nfd4 14. Nfxd4 Nxd4 15. Nxd4 exd4 16. Bg4 Be5 17. Bxc8 Rfxc8 18. Qg4 h5 19. Qh3 Re8 20. a4 Kg7 21. Bd2 b6 22. Rfc1 Bd6 23. Rf1 Be5 24. Rfc1 Bd6 25. Rf1 Be5 1/2-1/2

[Event "Norwegian Team Championship 2019"]
[Site "Drammen"]
[Date "2019.06.01"]
[Round "4.7"]
[White "Gandrud, Vegar Koi"]
[Black "Kvisvik, Brede Alex."]
[Result "1/2-1/2"]
[ECO "E11"]
[WhiteElo "2325"]
[BlackElo "2244"]
[Annotator "ChessBase"]
[PlyCount "80"]
[EventDate "2019.05.30"]
[EventType "swiss"]
[EventCountry "NOR"]
[SourceTitle "playchess.com"]
[Source "ChessBase"]
[SourceQuality "1"]
[TimeControl "40/5400:1800"]

1. d4 e6 2. c4 Bb4+ 3. Nd2 Nf6 4. Ngf3 O-O 5. a3 Be7 6. e4 d6 7. Be2 Nc6 8. b4 e5 9. Bb2 Nxd4 10. Nxd4 exd4 11. Bxd4 Nd7 12. O-O Bf6 13. Nb3 Re8 14. f3 Be5 15. f4 Bxd4+ 16. Qxd4 Qf6 17. Bd3 Qxd4+ 18. Nxd4 a6 19. Rfe1 Nf8 20. Rac1 Rd8 21. Be2 Bd7 22. Bf3 a5 23. b5 Bc8 24. Rcd1 Nd7 25. e5 Nc5 26. exd6 cxd6 27. Re7 Kf8 28. Rc7 Rd7 29. Rxd7 Bxd7 30. Nc2 Be6 31. Ne3 Rd8 32. f5 Bc8 33. Kf2 g6 34. g4 Kg7 35. Kg3 h5 36. h3 hxg4 37. hxg4 Re8 38. Kf2 Rd8 39. Kg3 Re8 40. Kf2 Rd8 1/2-1/2

[Event "Norwegian Team Championship 2019"]
[Site "Drammen"]
[Date "2019.06.01"]
[Round "4.8"]
[White "Stenersen, Gudmund"]
[Black "Storme, Isak"]
[Result "1-0"]
[ECO "C58"]
[WhiteElo "2183"]
[BlackElo "2309"]
[Annotator "ChessBase"]
[PlyCount "51"]
[EventDate "2019.05.30"]
[EventType "swiss"]
[EventCountry "NOR"]
[SourceTitle "playchess.com"]
[Source "ChessBase"]
[SourceQuality "1"]
[TimeControl "40/5400:1800"]

1. e4 e5 2. Nf3 Nc6 3. Bc4 Nf6 4. Ng5 d5 5. exd5 Na5 6. Bb5+ c6 7. dxc6 bxc6 8. Bd3 Nd5 9. Nf3 Nf4 10. O-O Bd6 11. Re1 Nxd3 12. cxd3 O-O 13. Nxe5 c5 14. Na3 Bb7 15. Nac4 Nxc4 16. dxc4 Re8 17. d4 cxd4 18. Bf4 Qf6 19. Qxd4 g5 20. Bg3 Bb4 21. Re3 Rad8 22. Qg4 Bc5 23. Nd7 Qxb2 24. Qxg5+ Kh8 25. Be5+ Qxe5 26. Nxe5 1-0

[Event "Norwegian Team Championship 2019"]
[Site "Drammen"]
[Date "2019.06.01"]
[Round "4.9"]
[White "Hansen, Pal Andreas"]
[Black "Haldorsen, Benjamin"]
[Result "1/2-1/2"]
[ECO "A59"]
[WhiteElo "2118"]
[BlackElo "2437"]
[Annotator "ChessBase"]
[PlyCount "77"]
[EventDate "2019.05.30"]
[EventType "swiss"]
[EventCountry "NOR"]
[SourceTitle "playchess.com"]
[Source "ChessBase"]
[SourceQuality "1"]
[TimeControl "40/5400:1800"]

1. d4 Nf6 2. c4 c5 3. d5 b5 4. cxb5 a6 5. bxa6 g6 6. Nc3 Bxa6 7. Nf3 d6 8. e4 Bxf1 9. Kxf1 Bg7 10. g3 O-O 11. Kg2 Qb6 12. Re1 Nbd7 13. a4 Rfb8 14. Ra3 Ng4 15. Nd2 Nge5 16. Qe2 Qa6 17. Nb5 Nb6 18. f4 Ned7 19. b3 Qa5 20. Nc4 Nxc4 21. bxc4 Qb4 22. Bd2 Qb2 23. Qd3 Rxb5 24. cxb5 c4 25. Qe3 Bd4 26. Rb1 Qxb1 27. Qxd4 Nc5 28. Qxc4 Nxe4 29. Bc1 Rb8 30. Re3 f5 31. Rb3 Qa2+ 32. Bb2 Kf7 33. Rb4 Qb1 34. Bc1 Qa1 35. Rb2 Nc5 36. Ra2 Qb1 37. Rb2 Qa1 38. Ra2 Qb1 39. Rb2 1/2-1/2

[Event "Norwegian Team Championship 2019"]
[Site "Drammen"]
[Date "2019.06.01"]
[Round "4.10"]
[White "Nilsen, Joachim Birger"]
[Black "Hagen, Brede Andre Larsen"]
[Result "1-0"]
[ECO "A61"]
[WhiteElo "2401"]
[BlackElo "2041"]
[Annotator "ChessBase"]
[PlyCount "53"]
[EventDate "2019.05.30"]
[EventType "swiss"]
[EventCountry "NOR"]
[SourceTitle "playchess.com"]
[Source "ChessBase"]
[SourceQuality "1"]
[TimeControl "40/5400:1800"]

1. d4 Nf6 2. c4 c5 3. d5 e6 4. Nc3 exd5 5. cxd5 d6 6. Nf3 g6 7. Bf4 a6 8. Nd2 Nh5 9. Qa4+ Qd7 10. Qe4+ Qe7 11. Bxd6 Qxe4 12. Ndxe4 Nd7 13. Bxf8 Kxf8 14. a4 b6 15. e3 f5 16. Nd6 Ke7 17. Nc4 Nhf6 18. Be2 Ne8 19. f4 Rb8 20. Ne5 Ra8 21. d6+ Nxd6 22. Nd5+ Kd8 23. Nc6+ Ke8 24. Nc7+ Kf7 25. Rd1 Bb7 26. Rxd6 Bxc6 27. Nxa8 1-0